 Seeded DCSS version 0.27.1-3-gb3d3a73c9e (webtiles) character file.

Game seed: 20211021 (custom seed)

34 jessy the Slasher (level 3, -11/30 HPs)
             Began as a Barachi Berserker on Oct 21, 2021.
             Was a Follower of Trog.
             Mangled by an ogre (12 damage)
             ... on level 4 of the Dungeon.
             The game lasted 00:05:15 (1173 turns).

jessy the Slasher (Barachi Berserker)               Turns: 1173, Time: 00:05:16

Health: -11/30     AC:  8    Str: 25    XL:     3   Next: 31%
Magic:  3/3        EV: 11    Int:  7    God:    Trog [*.....]
Gold:   52         SH:  5    Dex: 11    Spells: 2/2 levels left

rFire    . . .     SeeInvis .   a - +0 falchion
rCold    . . .     Faith    .   (no shield)
rNeg     . . .     Spirit   .   k - +0 ring mail
rPois    .         Reflect  +   (no helmet)
rElec    .         Harm     .   e - +0 cloak
rCorr    .         Rampage  .   (no gloves)
Will     .....                  l - +1 pair of boots
Stlth    +.........             c - amulet of reflection
HPRegen  0.10/turn              n - +6 ring of strength
MPRegen  0.08/turn              (no ring)

@: slow
A: amphibious, slowness 1, strong legs 1, +LOS
a: Hop, Renounce Religion, Berserk


You were on level 4 of the Dungeon.
You worshipped Trog.
Trog was aware of your devotion.
You visited 1 branch of the dungeon, and saw 3 of its levels.

You collected 52 gold pieces.

Inventory:

Hand Weapons
 a - a +0 falchion (weapon)
Missiles
 j - 15 poisoned darts
Armour
 b - a +0 animal skin
 e - a +0 cloak (worn)
 h - a +0 leather armour
 k - a +0 ring mail (worn)
 l - a +1 pair of boots (worn)
 m - a +0 robe
Jewellery
 c - an amulet of reflection (around neck)
 n - a +6 ring of strength (left hand)
Scrolls
 d - a scroll of amnesia {unknown}
 f - 2 scrolls of teleportation {unknown}
 i - a scroll of identify {unknown}
Potions
 g - 2 potions of attraction {unknown}


   Skills:
 + Level 4.1 Fighting
 + Level 4.2 Long Blades
 + Level 2.7 Armour
 + Level 2.7 Dodging
 + Level 0.1 Shields


You had 2 spell levels left.
You didn't know any spells.
Your spell library was empty.

Dungeon Overview and Level Annotations

Branches:
Dungeon (2/15)

Altars:

Shops:
D:1 ?


Innate Abilities, Weirdness & Mutations

You are amphibious.
You cover ground slowly.
You can hop short distances.
You have an extended range of vision and can be seen from far away.


Message History

You hit the adder.
The adder is almost dead.
You feel sick. The adder bites you.
You miss the adder.
The adder is almost dead.
You feel sick. The adder bites you. The adder closely misses you.
You closely miss the adder.
The adder is almost dead.
You feel sick. The adder bites you but does no damage.
Your ring mail prevents you from hitting the adder.
The adder is almost dead.
You feel sick.
You are no longer poisoned.
You block the adder's attack. The adder misses you.
You riposte.
You miss the adder.
The adder is almost dead.
Okay, then.
You barely miss the adder.
The adder is almost dead.
The adder bites you but does no damage.
You miss the adder.
The adder is almost dead.
The adder bites you but does no damage. You block the adder's attack.
You hit the adder.
You kill the adder!
Trog accepts your kill.
You hit the ogre.
The ogre is lightly wounded.
The ogre hits you with a +0 giant club!
Ouch! That really hurt!
* * * LOW HITPOINT WARNING * * *
Your ring mail prevents you from hitting the ogre.
The ogre is lightly wounded.
The ogre closely misses you.
You hit the ogre.
The ogre is moderately wounded.
You hit the ogre but do no damage.
The ogre is moderately wounded.
The ogre hits you with a +0 giant club!
You die...

#### ##..#
###...# ##
##.....###...##
#.....@O...$..#
##.....#.$.....
###...# ....$.
##..# .....
#### $..# .## #


You could see an ogre.

Vanquished Creatures
  An adder (D:4)
  A worm (D:4)
  3 ball pythons
  2 bats
  An endoplasm (D:4)
  2 giant cockroaches
  A goblin (D:2)
  3 hobgoblins
  3 frilled lizards
  2 kobolds (D:1)
  A rat (D:2)
20 creatures vanquished.

Notes
Turn   | Place    | Note
-------+----------+-------------------------------------------
     0 | D:1      | jessy the Barachi Berserker began the quest for the Orb.
     0 | D:1      | Reached XP level 1. HP: 18/18 MP: 1/1
    91 | D:1      | Found Gecead's Magic Scroll Emporium.
   284 | D:1      | Reached XP level 2. HP: 11/25 MP: 2/2
   988 | D:2      | You fall into a shaft and drop 2 floors!
  1006 | D:4      | Reached XP level 3. HP: 15/30 MP: 3/3
  1157 | D:4      | Noticed an ogre
  1170 | D:4      | HP: 1/30 [ogre (17)]
  1173 | D:4      | Mangled by an ogre

Illustrated notes

Levels and vault maps discovered:
D:1:      denvon_arrival_waterhouse, layout_rooms, serial_shops, shop_statue,
          minmay_misc_feat_roman
D:2:      layout_loops_ring, hellmonk_ecumenical_altar_lost_god,
          serial_bayou_lagoon_a, uniq_sigmund
D:4:      minmay_polygon_palace, layout_rooms

Skill      XL: |  1  2 |
---------------+-------+-----
Long Blades    | 4 |  4.2
Fighting       | 4 |  4.1
Armour         | |  2.7
Dodging        | |  2.7
Shields        | |  0.1

Action                   || total
-------------------------++-------
Melee: Falchion          ||    78
Armor: Animal skin       ||     2
       Leather armour    ||     3
       Ring mail         ||    23
Dodge: Dodged            ||    64
Block: Other             ||    36
       Rpst.: Falchion   ||    19
